TOP OF THE 1ST |
Indian Hills Voodoo batting - Pitching for Hartford Darth Whalers : LHP Will Chapman
|
Pitching: LHP Will Chapman
|
|
Batting: SHB Cisco Oliva
|
0-0: Called Strike 0-1: Ball 1-1: Ground out U3 (Groundball, 34)
|
Batting: RHB Ron Davis
|
0-0: Called Strike 0-1: Ball 1-1: Called Strike 1-2: Ball 2-2: DOUBLE (Flyball, 89D)
|
Batting: RHB Doug Hunt
|
0-0: Called Strike 0-1: Ground out 5-3 (Groundball, 5)
|
Batting: RHB Mike Cleveland
|
0-0: Ball 1-0: Foul Ball, location: 2F 1-1: Fly out, F9 (Flyball, 89M)
|
Top of the 1st over - 0 run(s), 1 hit(s), 0 error(s), 1 left on base; Indian Hills 0 - Hartford 0 |
BOTTOM OF THE 1ST |
Hartford Darth Whalers batting - Pitching for Indian Hills Voodoo : LHP Guillermo Solano
|
Pitching: LHP Guillermo Solano
|
|
Batting: RHB José Chávez
|
0-0: Called Strike 0-1: Ball 1-1: Ball 2-1: Foul Ball, location: 2F 2-2: Foul Ball, location: 2F 2-2: Foul Ball, location: 2F 2-2: Strikes out swinging
|
Batting: RHB José Sánchez
|
0-0: Ball 1-0: Ground out 4-3 (Groundball, 4M)
|
Batting: RHB Gabriel Ángel
|
0-0: Called Strike 0-1: Foul Ball, location: 2F 0-2: Strikes out looking
|
Bottom of the 1st over - 0 run(s), 0 hit(s), 0 error(s), 0 left on base; Indian Hills 0 - Hartford 0 |
TOP OF THE 2ND |
Indian Hills Voodoo batting - Pitching for Hartford Darth Whalers : RHP José Francisco
|
Pitching: RHP José Francisco
|
|
Batting: RHB Dave McGuire
|
0-0: Ball 1-0: Swinging Strike 1-1: Fly out, F4 (Popup, 4M)
|
Batting: LHB Jorge Ortega
|
0-0: Called Strike 0-1: Ball 1-1: Foul Ball, location: 2F 1-2: SINGLE (Groundball, 34D)
|
Batting: LHB Marcos Féliz
|
0-0: Ball Jorge Ortega steals 2nd base 1-0: Ball 2-0: Ball 3-0: Called Strike 3-1: Base on Balls
|
Batting: RHB Ricardo García
|
0-0: Ball Jorge Ortega steals 3rd base Marcos Féliz to second 1-0: SINGLE (Line Drive, 8LS) Jorge Ortega scores Marcos Féliz to third Runner from 3rd tries for Home, SAFE, no throw
|
Batting: LHB Mathew Clayton
|
0-0: Fielders Choice at 2nd, 5-4 (Groundball, 56)
|
Batting: SHB Cisco Oliva
|
0-0: Ball 1-0: Ball Mathew Clayton steals 2nd base Error on foul ball, E2 2-1: Ball 3-1: Called Strike 3-2: Foul Ball, location: 2F 3-2: SINGLE (Groundball, 34D) Mathew Clayton to third Mathew Clayton scores
|
Batting: RHB Ron Davis
|
0-0: Ball 1-0: Ball 2-0: Foul Ball, location: 2F 2-1: Swinging Strike 2-2: Foul Ball, location: 2F 2-2: Strikes out swinging
|
Top of the 2nd over - 3 run(s), 3 hit(s), 1 error(s), 1 left on base; Indian Hills 3 - Hartford 0 |
BOTTOM OF THE 2ND |
Hartford Darth Whalers batting - Pitching for Indian Hills Voodoo : LHP Guillermo Solano
|
Batting: RHB Augusto Padilla
|
0-0: Ball 1-0: Foul Ball, location: 2F 1-1: DOUBLE (Line Drive, 9D)
|
Batting: RHB Manuel Cintrón
|
0-0: Ball 1-0: Swinging Strike 1-1: Foul Ball, location: 2F 1-2: Ball 2-2: Strikes out swinging, 2-3 out at first.
|
Batting: RHB Luis Manuel Miranda
|
0-0: Swinging Strike 0-1: Foul Ball, location: 2F 0-2: Strikes out looking
|
Batting: LHB Alejandro Gómez
|
0-0: Ball 1-0: SINGLE (Flyball, 7LM) Augusto Padilla to third
|
Batting: LHB Pancho Hernández
|
0-0: Foul Ball, location: 2F 0-1: Called Strike 0-2: Ball 1-2: Fly out, F5 (Popup, 5S)
|
Bottom of the 2nd over - 0 run(s), 2 hit(s), 0 error(s), 2 left on base; Indian Hills 3 - Hartford 0 |
TOP OF THE 3RD |
Indian Hills Voodoo batting - Pitching for Hartford Darth Whalers : RHP José Francisco
|
Batting: RHB Doug Hunt
|
0-0: Called Strike 0-1: Called Strike 0-2: Ball 1-2: Strikes out swinging
|
Batting: RHB Mike Cleveland
|
0-0: Ball 1-0: Foul Ball, location: 2F 1-1: Foul Ball, location: 2F 1-2: Foul Ball, location: 2F 1-2: Strikes out swinging
|
Batting: RHB Dave McGuire
|
0-0: Ball 1-0: Ball 2-0: Called Strike 2-1: Ball 3-1: Called Strike 3-2: Base on Balls
|
Batting: LHB Jorge Ortega
|
0-0: Called Strike 0-1: Ball 1-1: Foul Ball, location: 2F 1-2: SINGLE (Groundball, 25) (infield hit) Dave McGuire to second
|
Batting: LHB Marcos Féliz
|
0-0: Ground out U3 (Groundball, 34)
|
Top of the 3rd over - 0 run(s), 1 hit(s), 0 error(s), 2 left on base; Indian Hills 3 - Hartford 0 |
BOTTOM OF THE 3RD |
Hartford Darth Whalers batting - Pitching for Indian Hills Voodoo : LHP Guillermo Solano
|
Batting: LHB Chris Henry
|
0-0: Ball 1-0: Swinging Strike 1-1: Ball 2-1: Foul Ball, location: 2F 2-2: Strikes out looking
|
Batting: RHB José Chávez
|
0-0: Ball 1-0: Ball 2-0: Ball 3-0: Called Strike 3-1: Base on Balls
|
Batting: RHB José Sánchez
|
0-0: Ball 1-0: Foul Ball, location: 2F 1-1: Called Strike 1-2: Strikes out looking
|
Batting: RHB Gabriel Ángel
|
0-0: Foul Ball, location: 2F 0-1: Ball 1-1: Called Strike 1-2: Strikes out swinging
|
Bottom of the 3rd over - 0 run(s), 0 hit(s), 0 error(s), 1 left on base; Indian Hills 3 - Hartford 0 |
TOP OF THE 4TH |
Indian Hills Voodoo batting - Pitching for Hartford Darth Whalers : RHP José Francisco
|
Batting: RHB Ricardo García
|
0-0: Ball 1-0: Called Strike 1-1: Foul Ball, location: 2F 1-2: Ball 2-2: Ball 3-2: DOUBLE (Line Drive, 89M)
|
Batting: LHB Mathew Clayton
|
0-0: Called Strike 0-1: Fly out, F3 (Popup, 3S)
|
Batting: SHB Cisco Oliva
|
0-0: Ball 1-0: Foul Ball, location: 2F 1-1: Called Strike 1-2: Ball 2-2: Foul Ball, location: 2F 2-2: Ground out 1-3 (Groundball, P) Ricardo García to third
|
Batting: RHB Ron Davis
|
0-0: Called Strike 0-1: Ball 1-1: Ground out 4-3 (Groundball, 4)
|
Top of the 4th over - 0 run(s), 1 hit(s), 0 error(s), 1 left on base; Indian Hills 3 - Hartford 0 |
BOTTOM OF THE 4TH |
Hartford Darth Whalers batting - Pitching for Indian Hills Voodoo : LHP Guillermo Solano
|
Batting: RHB Augusto Padilla
|
0-0: Called Strike 0-1: Ball 1-1: Foul Ball, location: 2F 1-2: Ball 2-2: Ball 3-2: Ground out 5-3 (Groundball, 5)
|
Batting: RHB Manuel Cintrón
|
0-0: Swinging Strike 0-1: Called Strike 0-2: Foul Ball, location: 2F 0-2: Strikes out swinging
|
Batting: RHB Luis Manuel Miranda
|
0-0: Called Strike 0-1: Foul Ball, location: 2F 0-2: Foul Ball, location: 2F 0-2: Ball 1-2: Ball 2-2: Ball 3-2: Fly out, F3 (Popup, 34S)
|
Bottom of the 4th over - 0 run(s), 0 hit(s), 0 error(s), 0 left on base; Indian Hills 3 - Hartford 0 |
TOP OF THE 5TH |
Indian Hills Voodoo batting - Pitching for Hartford Darth Whalers : RHP José Francisco
|
Batting: RHB Doug Hunt
|
0-0: Called Strike 0-1: Swinging Strike 0-2: Ball 1-2: Fly out, F8 (Flyball, 8RM)
|
Batting: RHB Mike Cleveland
|
0-0: Called Strike 0-1: Called Strike 0-2: Ground out 6-3 (Groundball, 6S)
|
Batting: RHB Dave McGuire
|
0-0: Ball 1-0: Ball 2-0: Called Strike 2-1: Ball 3-1: Ground out 5-3 (Groundball, 56)
|
Top of the 5th over - 0 run(s), 0 hit(s), 0 error(s), 0 left on base; Indian Hills 3 - Hartford 0 |
BOTTOM OF THE 5TH |
Hartford Darth Whalers batting - Pitching for Indian Hills Voodoo : LHP Guillermo Solano
|
Batting: LHB Alejandro Gómez
|
0-0: Fly out, F8 (Line Drive, 8RS)
|
Batting: LHB Pancho Hernández
|
0-0: SINGLE (Line Drive, 8RS)
|
Batting: LHB Chris Henry
|
0-0: Ball 1-0: Foul Ball, location: 2F 1-1: Ball 2-1: SINGLE (Groundball, 4MD) Pancho Hernández to second Runner from 2nd tries for 3rd, SAFE, throw made to third
|
Now in CF: Rob Lowe
|
|
Batting: RHB José Chávez
|
0-0: Ball 1-0: Ball 2-0: Fielders Choice at 2nd, 4-6 (Groundball, 4) Pancho Hernández scores
|
Batting: RHB José Sánchez
|
0-0: Ball 1-0: Fly out, F5 (Line Drive, 6)
|
Bottom of the 5th over - 1 run(s), 2 hit(s), 0 error(s), 1 left on base; Indian Hills 3 - Hartford 1 |
TOP OF THE 6TH |
Indian Hills Voodoo batting - Pitching for Hartford Darth Whalers : RHP José Francisco
|
Pitching: RHP Junior Pineault
|
|
Batting: SHB Rob Lowe
|
0-0: Swinging Strike 0-1: Called Strike 0-2: Ball 1-2: Ball 2-2: SINGLE (Groundball, 4MD)
|
Batting: LHB Marcos Féliz
|
0-0: Called Strike 0-1: Ball 1-1: SINGLE (Groundball, 34D) (infield hit) Rob Lowe to second
|
Batting: RHB Ricardo García
|
0-0: Called Strike 0-1: Fly out, F9 (Flyball, 9LS)
|
Batting: LHB Mathew Clayton
|
0-0: Ball Rob Lowe is caught stealing 3rd base Marcos Féliz to second 1-0: Foul Ball, location: 2F 1-1: Fly out, F7 (Line Drive, 7)
|
Top of the 6th over - 0 run(s), 2 hit(s), 0 error(s), 1 left on base; Indian Hills 3 - Hartford 1 |
BOTTOM OF THE 6TH |
Hartford Darth Whalers batting - Pitching for Indian Hills Voodoo : LHP Guillermo Solano
|
Batting: RHB Gabriel Ángel
|
0-0: Called Strike 0-1: Ball 1-1: Ball 2-1: Swinging Strike 2-2: Foul Ball, location: 2F 2-2: Ball 3-2: Foul Ball, location: 2F 3-2: Ground out 4-3 (Groundball, 34)
|
Pitching: RHP Michael MacDonald
|
|
Batting: RHB Augusto Padilla
|
0-0: SINGLE (Line Drive, 7LS)
|
Batting: RHB Manuel Cintrón
|
0-0: Ball Augusto Padilla steals 2nd base 1-0: Ball 2-0: Called Strike 2-1: Called Strike 2-2: Foul Ball, location: 2F 2-2: Strikes out swinging
|
Batting: RHB Luis Manuel Miranda
|
0-0: SINGLE (Line Drive, 5S) Augusto Padilla to third
|
Batting: LHB Alejandro Gómez
|
0-0: Ball 1-0: Called Strike 1-1: SINGLE (Groundball, 56S) (infield hit) Augusto Padilla scores Luis Manuel Miranda to second
|
Batting: LHB Pancho Hernández
|
0-0: Called Strike 0-1: SINGLE (Line Drive, 6D) Luis Manuel Miranda to third Alejandro Gómez to second Runner from 3rd tries for Home, SAFE, throw made at trailing runner, OUT at third!
|
Bottom of the 6th over - 2 run(s), 4 hit(s), 0 error(s), 1 left on base; Indian Hills 3 - Hartford 3 |
TOP OF THE 7TH |
Indian Hills Voodoo batting - Pitching for Hartford Darth Whalers : RHP Junior Pineault
|
Batting: SHB Cisco Oliva
|
0-0: Called Strike 0-1: Ball 1-1: Fly out, F8 (Flyball, 8RS)
|
Batting: RHB Ron Davis
|
0-0: Called Strike 0-1: Ball 1-1: SINGLE (Line Drive, 56D)
|
Pinch Hitting: LHB Aaron Thompson
|
0-0: Called Strike 0-1: Swinging Strike 0-2: Ball 1-2: Foul Ball, location: 2F 1-2: Ball 2-2: Ball 3-2: Base on Balls Ron Davis to second
|
Batting: RHB Mike Cleveland
|
0-0: Ball 1-0: Foul Ball, location: 2F 1-1: SINGLE (Line Drive, 89M) Ron Davis to third Aaron Thompson to second
|
Batting: RHB Dave McGuire
|
0-0: Ball 1-0: Grounds into double play, 4-2-3 (Groundball, 34)
|
Top of the 7th over - 0 run(s), 2 hit(s), 0 error(s), 2 left on base; Indian Hills 3 - Hartford 3 |
BOTTOM OF THE 7TH |
Hartford Darth Whalers batting - Pitching for Indian Hills Voodoo : RHP Michael MacDonald
|
Pitching: LHP Zak Smith
|
|
Now at 3B: Andrés Jiménez
|
|
Now in RF: Aaron Thompson
|
|
Pinch Hitting: RHB Donny Boykins
|
0-0: Called Strike 0-1: Called Strike 0-2: Ball 1-2: Foul Ball, location: 2F 1-2: Strikes out looking
|
Batting: RHB José Chávez
|
0-0: SINGLE (Line Drive, 78S)
|
Pinch Hitting: RHB Sean White
|
0-0: Fly out, F3 (Popup, 3)
|
Batting: RHB Gabriel Ángel
|
0-0: Foul Ball, location: 2F 0-1: Ball 1-1: Ball 2-1: Ball 3-1: Called Strike 3-2: Base on Balls José Chávez to second
|
Batting: RHB Augusto Padilla
|
0-0: Ground out 4-3 (Groundball, 34D)
|
Bottom of the 7th over - 0 run(s), 1 hit(s), 0 error(s), 2 left on base; Indian Hills 3 - Hartford 3 |
TOP OF THE 8TH |
Indian Hills Voodoo batting - Pitching for Hartford Darth Whalers : RHP Junior Pineault
|
Now in LF: César Martínez
|
|
Now in RF: Sean White
|
|
Batting: SHB Rob Lowe
|
0-0: Ball 1-0: Ground out U3 (Groundball, 34)
|
Batting: LHB Marcos Féliz
|
0-0: Ground out 1-3 (Groundball, 15S)
|
Batting: RHB Ricardo García
|
0-0: Ground out 5-3 (Groundball, 56S)
|
Top of the 8th over - 0 run(s), 0 hit(s), 0 error(s), 0 left on base; Indian Hills 3 - Hartford 3 |
BOTTOM OF THE 8TH |
Hartford Darth Whalers batting - Pitching for Indian Hills Voodoo : LHP Zak Smith
|
Batting: RHB Manuel Cintrón
|
0-0: Swinging Strike 0-1: SINGLE (Groundball, 34D)
|
Batting: RHB Luis Manuel Miranda
|
0-0: Bunted foul 0-1: Ball Manuel Cintrón is caught stealing 2nd base 1-1: DOUBLE (Line Drive, 9LM)
|
Pinch Hitting: RHB Chester Mullins
|
0-0: Intentional Walk
|
Pinch Runner at 2nd Chris Osborn:
|
|
Batting: LHB Pancho Hernández
|
0-0: Called Strike 0-1: Swinging Strike 0-2: Strikes out swinging
|
Batting: LHB César Martínez
|
0-0: Foul Ball, location: 2F 0-1: Fly out, F6 (Line Drive, 56)
|
Bottom of the 8th over - 0 run(s), 2 hit(s), 0 error(s), 2 left on base; Indian Hills 3 - Hartford 3 |
TOP OF THE 9TH |
Indian Hills Voodoo batting - Pitching for Hartford Darth Whalers : RHP Junior Pineault
|
Pitching: RHP Raymond Gibbons
|
|
Now at 1B: Chester Mullins
|
|
Now at 2B: Chris Osborn
|
|
Batting: RHB Andrés Jiménez
|
0-0: Hit by Pitch
|
Batting: SHB Cisco Oliva
|
0-0: Fly out, F8 (Flyball, 8LD)
|
Batting: RHB Ron Davis
|
0-0: Ball 1-0: Ball 2-0: Called Strike 2-1: Ball 3-1: Foul Ball, location: 2F 3-2: Grounds into double play, 6-4-3 (Groundball, 6)
|
Top of the 9th over - 0 run(s), 0 hit(s), 0 error(s), 0 left on base; Indian Hills 3 - Hartford 3 |
BOTTOM OF THE 9TH |
Hartford Darth Whalers batting - Pitching for Indian Hills Voodoo : LHP Zak Smith
|
Batting: RHB José Chávez
|
0-0: Called Strike 0-1: Ball 1-1: Ball 2-1: Called Strike 2-2: Foul Ball, location: 2F 2-2: Ball 3-2: Foul Ball, location: 2F 3-2: Strikes out looking
|
Batting: RHB Sean White
|
0-0: Ball 1-0: Called Strike 1-1: Ball 2-1: Swinging Strike 2-2: Ball 3-2: Fly out, F8 (Line Drive, 78M)
|
Batting: RHB Gabriel Ángel
|
0-0: Called Strike 0-1: Ball 1-1: Called Strike 1-2: Ball 2-2: DOUBLE (Line Drive, 78D)
|
Batting: RHB Augusto Padilla
|
0-0: Called Strike 0-1: Ball 1-1: Ball 2-1: DOUBLE (Line Drive, 89M) Gabriel Ángel scores
|
Thursday, March 30th, 2017 - OOTP Baseball 17.12 Build 75
|
|